 Dungeon Crawl Stone Soup version 0.28-a0-1493-g08698888e4 (webtiles) character file.

Game seed: 10600101627601071226

462 kae the Changer (level 6, -8/52 (54) HPs)
             Began as a Troll Transmuter on Jan 12, 2022.
             Mangled by Menkaure (18 damage)
             ... on level 4 of the Dungeon.
             The game lasted 00:02:44 (2788 turns).

kae the Changer (Troll Transmuter)                  Turns: 2788, Time: 00:02:45

HP:   -8/52 (54)    AC:  4    Str: 19    XL:     6   Next: 79%
MP:   9/9           EV:  9    Int: 11    God:
Gold: 39            SH:  0    Dex: 10    Spells: 6/10 levels left

rFire   . . .      SeeInvis .     - Unarmed
rCold   . . .      Faith    .   (no shield)
rNeg    . . .      Spirit   .   a - +0 robe
rPois   .          Reflect  .   (helmet restricted)
rElec   .          Harm     .   (no cloak)
rCorr   .          Rampage  .   (gloves unavailable)
Will    .....                   (boots unavailable)
Stlth   +.........              (no amulet)
HPRegen 0.97/turn               (no ring)
MPRegen 0.11/turn               (no ring)

@: on berserk cooldown, slowed, lightly drained, very slow
A: large, unfitting armour, claws 3, regeneration 1, shaggy fur 1, tough skin 1
a: no special abilities


You were on level 4 of the Dungeon.
You visited 1 branch of the dungeon, and saw 4 of its levels.

You collected 39 gold pieces.

Inventory:

Armour
 a - a +0 robe (worn)
Jewellery
 d - a ring of fire
 f - a ring of resist corrosion
Wands
 k - a wand of iceblast (9)
Scrolls
 h - a scroll of enchant weapon
Potions
 b - a potion of berserk rage
 c - a potion of ambrosia
 e - 4 potions of curing {unknown}
 g - a potion of flight {unknown}
 j - a potion of lignification {unknown}


   Skills:
 + Level 0.8 Fighting
 - Level 1.5 Dodging
 * Level 3.1 Unarmed Combat
 + Level 2.7 Spellcasting
 * Level 4.5 Transmutations


You had 6 spell levels left.
You knew the following spells:

 Your Spells              Type           Power      Damage    Failure   Level
a - Beastly Appendage     Tmut           22%        N/A       4%          1
b - Spider Form           Tmut/Pois      6%         N/A       32%         3

Your spell library contained the following spells:

 Spells                   Type           Power      Damage    Failure   Level
 Wereblood                Tmut           11%        N/A       6%          2
 Ice Form                 Ice/Tmut       6%         N/A       71%         4


Dungeon Overview and Level Annotations

Branches:
Dungeon (4/15)
 Temple: D:4-7

Altars:

Annotations:
D:3 3 runed translucent doors, Flippered's ghost, amateur MfVM; Killmatronix's ghost, amateur HuHu; kae's ghost, amateur DrTm; p0werm0de's ghost, amateur BaCK
D:4 Menkaure


Innate Abilities, Weirdness & Mutations

You are too large for most types of armour.
You have claws for hands.
Your natural rate of healing is unusually fast.
You are covered in fur. (AC +1)
You have tough skin. (AC +1)


Message History

You feel your anger nearly subside.
Menkaure points at you and mumbles some strange words.
Pain shoots through your body!
You are no longer berserk.
You are exhausted.
You feel yourself slow down.
The kobold hits you with a +0 short sword.
You scratch Menkaure.
Menkaure is lightly damaged.
Menkaure hits you. The kobold completely misses you.
You claw Menkaure!
Menkaure is heavily damaged.
The kobold hits you with a +0 short sword.
The necrophage hits you but does no damage.
Menkaure casts a spell.
Menkaure seems to speed up.
The kobold closely misses you. The necrophage barely misses you.
Menkaure gestures at you while chanting.
Pain shoots through your body!
You scratch Menkaure but do no damage.
Menkaure is heavily damaged.
Menkaure gestures at you while chanting.
You barely resist. The kobold barely misses you.
The necrophage hits you but does no damage.
You barely miss Menkaure.
Menkaure is heavily damaged.
Menkaure barely misses you.
The kobold hits you with a +0 short sword.
The necrophage hits you.
You feel drained. Menkaure hits you! The kobold hits you but does no damage.
You barely miss Menkaure.
Menkaure is heavily damaged.
The necrophage hits you.
You feel drained. Menkaure closely misses you. The kobold closely misses you.
The necrophage closely misses you. Menkaure hits you!
* * * LOW HITPOINT WARNING * * *
You scratch Menkaure.
Menkaure is heavily damaged.
The kobold closely misses you. Menkaure hits you!!
You die...

*,,* #.# #### **,* #.# *,*
###.# ** #,** #...# ,* #.,*
#.#####
,********###.########.....#
,,,,,,,,,...........>..##.#
,********#.........#.#.#*,*
,* #.....M@..#.#.#*,* **
#.....Kn..#.#..,,*
#.........#.####**
#.........#.# ######.####.#
#.,* #.# ##,**#.# *,,**,*
**,**,*


You could see a necrophage, Menkaure (fast) and a kobold.

Vanquished Creatures
  Sigmund (D:3)
  A phantom (D:2)
  A howler monkey (D:2)
  A jelly (D:4)
  Jessica (D:2)
  Ijyb (D:3)
  2 adders
  3 dart slugs
  5 orcs (D:3)
  3 bats (D:2)
  6 endoplasms
  3 giant cockroaches
  5 goblins (D:1)
  10 hobgoblins
  2 jackals (D:1)
  8 kobolds
  3 quokkas
  4 ball pythons
  7 frilled lizards
  3 rats
70 creatures vanquished.

Vanquished Creatures (others)
  26 plants (D:2)
26 creatures vanquished.

Grand Total: 96 creatures vanquished

Notes
Turn   | Place    | Note
-------+----------+-------------------------------------------
     0 | D:1      | kae the Troll Transmuter began the quest for the Orb.
     0 | D:1      | Reached XP level 1. HP: 18/18 MP: 1/1
   194 | D:1      | Reached XP level 2. HP: 26/26 MP: 3/3
   218 | D:1      | Reached skill level 2 in Transmutations
   358 | D:1      | Reached XP level 3. HP: 29/32 MP: 4/4
   386 | D:1      | Learned a level 3 spell: Spider Form
   787 | D:1      | Found a faded altar of an unknown god.
   970 | D:2      | Reached skill level 3 in Transmutations
   970 | D:2      | Reached XP level 4. HP: 37/40 MP: 5/5
  1008 | D:2      | Noticed a phantom
  1062 | D:2      | Killed a phantom
  1063 | D:2      | Reached XP level 5. HP: 15/46 MP: 5/7
  1279 | D:2      | Noticed Jessica
  1286 | D:2      | Killed Jessica
  1518 | D:3      | Noticed Sigmund
  1594 | D:3      | Found a runed translucent gate.
  1594 | D:3      | Found a runed translucent gate.
  1696 | D:3      | Killed Sigmund
  1697 | D:3      | Reached skill level 4 in Transmutations
  1697 | D:3      | Reached XP level 6. HP: 54/54 MP: 8/8
  1860 | D:3      | Found a runed translucent gate.
  1861 | D:3      | Noticed p0werm0de's ghost (amateur BaCK)
  1861 | D:3      | Noticed kae's ghost (amateur DrTm)
  1955 | D:3      | Noticed Ijyb
  1973 | D:3      | Killed Ijyb
  2393 | D:3      | Noticed Flippered's ghost (amateur MfVM)
  2395 | D:3      | Noticed Killmatronix's ghost (amateur HuHu)
  2776 | D:4      | Noticed Menkaure
  2788 | D:4      | Mangled by Menkaure

Illustrated notes

Levels and vault maps discovered:
D:1:      minmay_arrival_split_and_join, layout_loops_ring,
          shapermc_ecumenical_altar_petra
D:2:      layout_rooms, serial_bayou, serial_bayou_lake_a,
          serial_bayou_lagoon_b, serial_bayou_crossing, serial_bayou_pond_c,
          serial_bayou_pond_c, uniq_jessica
D:3:      layout_basic, gammafunk_ghost_cemetery, uniq_sigmund, uniq_ijyb
D:4:      layout_basic, uniq_eustachio, uniq_menkaure, uniq_grinder

Skill      XL: |  1  2  3  4  5 |
---------------+----------------+-----
Transmutations | 2 3 4 |  4.5
Spellcasting   | 2 |  2.7
Fighting       | |  0.8
Dodging        | |  1.5
Unarmed Combat | |  3.1

Action                   |  1- 3 |  4- 6 || total
-------------------------+-------+-------++-------
Melee: Unarmed           |    96 |   132 ||   228
       Punch             |     1 |       ||     1
       Kick              |       |     2 ||     2
 Cast: Spider Form       |       |     2 ||     2
       Beastly Appendage |       |     3 ||     3
  Use: Scroll            |       |     4 ||     4
       Potion            |       |     3 ||     3
 Stab: Sleeping          |       |     1 ||     1
Armor: Robe              |    27 |    50 ||    77
Dodge: Dodged            |    40 |    59 ||    99

Table legend: (Time is in decaauts)
 A = Elapsed time spent in this place.
 B = Non-inter-level travel time spent in this place.
 C = Inter-level travel time spent in this place.
 D = Time resting spent in this place.
 E = Time spent auto-exploring this place.
 F = Levels seen in this place.
 G = Mean time per level.
                   A        B        C        D        E       F      G
               +--------+--------+--------+--------+--------+-----+--------+
         Total |   2840 |   2710 |    130 |    323 |   1837 |   4 |  710.0 |
       Dungeon |   2840 |   2710 |    130 |    323 |   1837 |   4 |  710.0 |
               +--------+--------+--------+--------+--------+-----+--------+

Top non-repeatable levels by time:
     D:2: 843 daAuts
     D:1: 824 daAuts
     D:3: 790 daAuts
     D:4: 381 daAuts
